 Dungeon Crawl Stone Soup version 0.31-a0-237-g2d982f9f85 (webtiles) character file.

Game seed: 12548963611196270934

59 qw the Shooter (level 3, 0/30 HPs)
             Began as a Minotaur Hexslinger on July 11, 2023.
             Succumbed to Sigmund's poison
             ... on level 2 of the Dungeon.
             The game lasted 00:00:31 (1474 turns).

qw the Shooter (Minotaur Hexslinger)                Turns: 1474, Time: 00:00:32

Health: 0/30       AC:  3    Str: 12    XL:     3   Next: 78%
Magic:  3/3        EV: 12    Int: 10    God:
Gold:   157        SH:  0    Dex: 14    Spells: 3/4 levels left

rFire   . . .        Y - +1 sling
rCold   . . .        (no shield)
rNeg    . . .        e - +0 leather armour
rPois   .            (helmet restricted)
rElec   .            (no cloak)
rCorr   .            (no gloves)
SInv    .            (no boots)
Will    .....        (no amulet)
Stlth   +            (no ring)
HPRegen 0.25/turn    (no ring)
MPRegen 0.08/turn

%: no passive effects
@: lethally poisoned (0 -> -14)
A: horns 2, retaliatory headbutt
a: no special abilities


You were on level 2 of the Dungeon.
You visited 1 branch of the dungeon, and saw 2 of its levels.

You collected 157 gold pieces.


Innate Abilities, Weirdness & Mutations

You have a pair of horns on your head.
You reflexively headbutt those who attack you in melee.


   Skills:
 - Level 2.3 Fighting
 + Level 4.2 Ranged Weapons
 - Level 2.1 Dodging
 - Level 1.0 Spellcasting
 - Level 2.0 Hexes


You had 3 spell levels left.
You knew the following spells:

 Your Spells              Type           Power      Damage    Failure   Level
a - Slow                  Hex            16%        N/A       19%         1

Your spell library contained the following spells:

 Spells                   Type           Power      Damage    Failure   Level
 Inner Flame              Hex/Fire       2%         N/A       65%         3
 Portal Projectile        Hex/Tloc       4%         N/A       65%         3
 Cause Fear               Hex            2%         N/A       88%         4

Inventory:

Hand Weapons
 Y - a +1 sling (weapon)
Armour
 e - a +0 leather armour (worn)
Jewellery
 k - an amulet of the acrobat
Scrolls
 b - 3 scrolls of identify
 d - a scroll of teleportation
 l - a scroll of revelation {unknown}
Potions
 a - 3 potions of curing {unknown}
 c - a potion of attraction {unknown}
 f - a potion of mutation {unknown}
 g - a potion of haste {unknown}
 h - a potion of enlightenment {unknown}
 i - a potion of ambrosia {unknown}
 j - a potion of resistance {unknown}

Dungeon Overview and Level Annotations

Branches:
Dungeon (2/15)

Altars:
Ru

Annotations:
D:2 Sigmund


Message History

Enter note:
Enter note:
Enter note:
Enter note:
Enter note:
Enter note:
Enter note:
Enter note:
Found a scroll labelled MUKAECUQETWI.
Enter note:
Enter note:
Enter note:
Enter note:
Enter note:
Enter note:
Enter note:
Enter note:
Enter note:
Enter note:
Enter note:
Enter note: You shoot a sling bullet.
The sling bullet hits Sigmund.
Sigmund is moderately wounded.
Sigmund hits you from afar with a +2 scythe of venom.
You shoot a sling bullet.
The sling bullet closely misses Sigmund.
Sigmund casts a spell.
Sigmund flickers and vanishes!
Deactivating autopickup; reactivate with Ctrl-A.
You shoot a sling bullet. Something hits you.
You are poisoned.
You shoot a sling bullet.
You feel very sick. Something hits you!
You are lethally poisoned!
You shoot a sling bullet.
You feel very sick.
You shoot a sling bullet.
You die...

#.# #.### #.# #....
###### #.# ##### .....#
#.# ###### ##.#.# #.#
#..... ##.#.# #.######
## #.####
...#.#####.##...# ..###
#.....
................##{....?
#..###
####.####...#...@.......
#..##. .###.#
#.....######.._.. #..##.
.....# ##...## ...
#..).% .##### ##.## .
#...#) .# #.# #..... .#
#%# ###.#) ## ##'## #
### #... ##...## #.. ..#
###. ## ##.....##
#..###.# ###.


There were no monsters in sight!

Vanquished Creatures
  A gnoll (D:1)
  An adder (D:2)
  2 worms (D:2)
  A dart slug (D:2)
  5 ball pythons
  3 endoplasms (D:2)
  A giant cockroach (D:1)
  2 goblins
  4 hobgoblins
  3 jackals (D:2)
  2 bats (D:2)
  4 frilled lizards
  A kobold (D:2)
  A rat (D:2)
31 creatures vanquished.

Notes
Turn   | Place    | Note
-------+----------+-------------------------------------------
     0 | D:1      | qw the Minotaur Hexslinger began the quest for the Orb.
     0 | D:1      | Reached XP level 1. HP: 16/16 MP: 1/1
     0 | D:1      | 0 ||| qw: Version: 0.3-a-52-g30416fa
     0 | D:1      | 0 ||| qw: Game counter: 5679
     0 | D:1      | 0 ||| qw: Melee chars always use a shield: true
     0 | D:1      | 0 ||| qw: God list: Okawaru
     0 | D:1      | 0 ||| qw: Allow faded altars: false
     0 | D:1      | 0 ||| qw: Do Orc after clearing Dungeon:15 true
     0 | D:1      | 0 ||| qw: Do second Lair branch before Depths: true
     0 | D:1      | 0 ||| qw: Lair rune preference: random
     0 | D:1      | 0 ||| qw: Goals: Normal
     0 | D:1      | 0 ||| PLANNING D:1-11
    74 | D:1      | You fall into a shaft and drop 1 floor!
   105 | D:2      | Found a faded altar of an unknown god.
   136 | D:2      | Reached skill level 3 in Ranged Weapons
   166 | D:2      | 166 ||| UPGRADING to +0 leather armour.
   176 | D:2      | 176 ||| DROPPING +0 robe.
   177 | D:2      | 177 ||| DROPPING ring of flight.
   178 | D:2      | 178 ||| DROPPING scroll of poison.
   190 | D:1      | Reached XP level 2. HP: 23/23 MP: 2/2
   658 | D:1      | 658 ||| READING scroll labelled USKUT POUNUG.
   659 | D:1      | 659 ||| READING 2 scrolls labelled IKUIRCH RUNN.
   664 | D:1      | 664 ||| READING scroll labelled XODGHE ETIWAET.
   690 | D:2      | 690 ||| STAIRDANCE
   756 | D:2      | Reached XP level 3. HP: 30/30 MP: 3/3
  1255 | D:2      | Reached skill level 4 in Ranged Weapons
  1466 | D:2      | Found a sacrificial altar of Ru.
  1467 | D:2      | Noticed Sigmund
  1473 | D:2      | HP: 4/30 [poisoned by Sigmund]
  1474 | D:2      | Succumbed to Sigmund's poison

Levels and vault maps discovered:
D:1:      wander_arrival_peaceful_grave, layout_loops_ring
D:2:      layout_loops_corners, basic_altar,
          hellmonk_ecumenical_altar_slurped_away, uniq_sigmund

Skill      XL: |  1  2  3 |
---------------+----------+-----
Ranged Weapons | 3 4 |  4.2
Fighting       | 2 |  2.3
Dodging        | |  2.1
Spellcasting   | |  1.0
Hexes          | |  2.0

Action                     || total
---------------------------++-------
   Fire: Sling             ||   110
    Use: Scroll            ||     3
 Armour: Leather armour    ||     5
  Dodge: Dodged            ||    20

Table legend:
 A = Non-vault XP
 B = Vault XP
 C = Vault XP percentage of total XP
 D = Non-vault monster count
 E = Vault monster count
 F = Vault count percentage of total count
                 A         B        C        D         E       F
            +---------+---------+-------+---------+---------+-------
      Total |      83 |       2 |   2.4 |      30 |       1 |   3.2
            +---------+---------+-------+---------+---------+-------
        D:1 |      31 |       0 |   0.0 |      10 |       0 |   0.0
        D:2 |      52 |       2 |   3.7 |      20 |       1 |   4.8
            +---------+---------+-------+---------+---------+-------
